 Dungeon Crawl Stone Soup version 0.29.1-15-g9cfb28693d (webtiles) character file.

Game seed: 13294391867161961675

166 croobank the Firebug (level 5, -1/37 HPs)
             Began as a Gnoll Fire Elementalist on Apr 29, 2023.
             Was a Believer of Fedhas.
             Slain by a gnoll
             ... wielding a +0 flail
              (6 damage)
             ... on level 3 of the Dungeon.
             The game lasted 00:07:26 (2996 turns).

croobank the Firebug (Gnoll Fire Elementalist)      Turns: 2996, Time: 00:07:26

Health: -1/37      AC:  3    Str:  7    XL:     5   Next: 47%
Magic:  10/12      EV: 13    Int: 16    God:    Fedhas [**....]
Gold:   57         SH:  0    Dex: 13    Spells: 11/14 levels left

rFire   . . .      SeeInvis .   b - +0 sling
rCold   . . .      Faith    .   (no shield)
rNeg    . . .      Spirit   .   p - +0 leather armour
rPois   .          Reflect  .   (no helmet)
rElec   .          Harm     .   (no cloak)
rCorr   .          Rampage  .   (no gloves)
Will    .....                   (no boots)
Stlth   ++........              (no amulet)
HPRegen 0.12/turn               (no ring)
MPRegen 0.13/turn               (no ring)

@: attractive
A: fangs 1, strong nose, distributed training
a: Renounce Religion, Wall of Briars


You were on level 3 of the Dungeon.
You worshipped Fedhas.
Fedhas was pleased with you.
You visited 1 branch of the dungeon, and saw 3 of its levels.

You collected 57 gold pieces.

Inventory:

Hand Weapons
 a - a +0 hand axe
 b - a +0 sling (weapon)
 f - a +0 dagger
 k - a +0 rapier
 l - a +0 flail
 q - a +0 short sword
Missiles
 x - 5 javelins
Armour
 d - a +0 robe
 m - a +0 ring mail
 p - a +0 leather armour (worn)
 z - a +0 kite shield
Magical Staves
 e - a staff of earth
Scrolls
 h - 5 scrolls of immolation
 j - a scroll of identify
 o - 2 scrolls of teleportation
 s - a scroll of fear {unknown}
 t - a scroll of vulnerability {unknown}
 u - a scroll of brand weapon {unknown}
 w - a scroll of summoning {unknown}
 y - a scroll of poison {unknown}
Potions
 g - a potion of magic
 i - a potion of attraction
 n - 2 potions of invisibility {unknown}
 r - a potion of mutation {unknown}
 v - 2 potions of heal wounds {unknown}


   Skills:
 + Level 1.6 Fighting
 + Level 1.6 Short Blades
 + Level 1.6 Long Blades
 + Level 1.6 Axes
 + Level 1.6 Maces & Flails
 + Level 1.6 Polearms
 + Level 1.6 Staves
 + Level 1.6 Ranged Weapons
 + Level 1.6 Throwing
 + Level 1.6 Armour
 + Level 4.8 Dodging
 + Level 4.4 Stealth
 + Level 1.6 Shields
 + Level 1.6 Unarmed Combat
 + Level 5.2 Spellcasting
 + Level 2.4 Conjurations
 + Level 1.2 Hexes
 + Level 1.2 Summonings
 + Level 1.2 Necromancy
 + Level 1.2 Translocations
 + Level 1.2 Transmutations
 + Level 5.5 Fire Magic
 + Level 1.2 Ice Magic
 + Level 1.2 Air Magic
 + Level 1.2 Earth Magic
 + Level 1.2 Poison Magic
 + Level 1.8 Invocations
 + Level 1.6 Evocations


You had 11 spell levels left.
You knew the following spells:

 Your Spells              Type           Power      Damage    Failure   Level
a - Foxfire               Conj/Fire      68%        2x1d7     4%          1
b - Scorch                Fire           44%        2d7       3%          2

Your spell library contained the following spells:

 Spells                   Type           Power      Damage    Failure   Level
 Conjure Flame            Conj/Fire      17%        6-21      12%         3
 Inner Flame              Hex/Fire       15%        N/A       16%         3
 Flame Wave               Conj/Fire      17%        2d7       38%         4
 Fulminant Prism          Conj/Hex       5%         3d7       69%         4
 Iskenderun's Mystic Bla  Conj/Tloc      10%        2d4       69%         4
 Lee's Rapid Deconstruct  Erth           4%         3d6*      98%         5


Dungeon Overview and Level Annotations

Branches:
Dungeon (3/15)

Altars:
Fedhas

Annotations:
D:3 2 transporters


Innate Abilities, Weirdness & Mutations

You have very sharp teeth.
Your uncanny sense of smell can sniff out nearby items.
Your experience applies equally to all skills.


Message History

The gnoll attacks as you move away! The gnoll misses you.
The bat completely misses you. The bat hits you but does no damage.
The gnoll attacks as you move away! The gnoll closely misses you.
The bat closely misses you. The bat barely misses you. The bat misses you.
The bat attacks as you move away! The bat hits you but does no damage.
The gnoll attacks as you move away! The gnoll hits you with a +0 flail.
The kobold shouts!
The bat misses you. The kobold hits you but does no damage. The bat misses you.
As you read the scroll labelled KEBRON ZOKOPA, it crumbles to dust.
It is a scroll of amnesia.
Really abort (and waste the scroll)?
Okay, then.
The bat hits you but does no damage. The kobold hits you with a +0 dagger.
The gnoll barely misses you.
As you read the scroll labelled YDUASU HIZXYN, it crumbles to dust.
The creatures around you are filled with an inner flame!
It was a scroll of immolation.
The gnoll hits you with a +0 flail. The adder misses you.
The kobold closely misses you.
Okay, then.
As you read the scroll labelled XOEFOL ENKYBAO, it crumbles to dust.
It is a scroll of identify.
o - 2 scrolls of teleportation The adder bites you but does no damage.
The gnoll closely misses you.
The gnoll hits you from afar with a +0 spear!
* * * LOW HITPOINT WARNING * * *
The kobold hits you with a +0 dagger.
* * * LOW HITPOINT WARNING * * *
The adder barely misses you.
Okay, then.
The kobold hits you but does no damage.
It was a potion of attraction.
You feel attractive to monsters. The bat hits you.
* * * LOW HITPOINT WARNING * * *
The gnoll hits you with a +0 flail.
You die...
Fedhas appreciates your contribution to the ecosystem.

#J# #.# #..#
###.. #g# #.#
##.## #.. #.#
#.####...#####..
.######.#
#.#....©....####
........#######
#.#######.# #
#######.......#
#.#8.©.8#.#
#.......####
#.#P./.P#.#
#......g.g.#
#.###+###.#
#.....J.SK@#
#.#~...~#.#
#......)wb.#
#.#~...~#.####
#######....#
#.#~~P~~#.#...
#....#
#~~⌠~~#.#.##
######
#.#~~~~~#.#.#.
#.#~~P~~#.#.#.
#.#~~SPS#.#.#.
#.###+###.#.#.
#.#P.(.P#.#.#.


You could see a jelly (inner flame), 2 gnolls, an adder (inner flame), a dart
slug (inner flame), a bat (inner flame) and a kobold (inner flame).

Vanquished Creatures
  2 adders (D:2)
  7 gnolls
  A dart slug (D:1)
  4 orcs (D:3)
  3 endoplasms
  4 giant cockroaches
  4 goblins
  4 hobgoblins
  7 jackals
  2 quokkas
  9 ball pythons
  6 bats
  5 frilled lizards
  2 kobolds (D:1)
  5 rats
65 creatures vanquished.

Vanquished Creatures (collateral kills)
  A gnoll (D:2)
1 creature vanquished.

Vanquished Creatures (others)
  101 foxfires
101 creatures vanquished.

Grand Total: 167 creatures vanquished

Notes
Turn   | Place    | Note
-------+----------+-------------------------------------------
     0 | D:1      | croobank the Gnoll Fire Elementalist began the quest for
                  | the Orb.
     0 | D:1      | Reached XP level 1. HP: 13/13 MP: 6/6
   124 | D:1      | Reached XP level 2. HP: 19/19 MP: 3/7
   258 | D:1      | Learned a level 2 spell: Scorch
   391 | D:1      | Found a faded altar of an unknown god.
   425 | D:1      | Prayed at the altar of an unknown god.
   425 | D:1      | Became a worshipper of Fedhas Madash
   425 | D:1      | Reached * piety under Fedhas
   718 | D:1      | Reached skill level 5 in Spellcasting
   718 | D:1      | Reached XP level 3. HP: 25/25 MP: 3/9
  1046 | D:2      | Reached skill level 1 in Invocations
  1084 | D:1      | Reached skill level 1 in Fighting
  1084 | D:1      | Reached skill level 1 in Short Blades
  1084 | D:1      | Reached skill level 1 in Long Blades
  1084 | D:1      | Reached skill level 1 in Axes
  1084 | D:1      | Reached skill level 1 in Maces & Flails
  1084 | D:1      | Reached skill level 1 in Polearms
  1084 | D:1      | Reached skill level 1 in Staves
  1084 | D:1      | Reached skill level 1 in Ranged Weapons
  1084 | D:1      | Reached skill level 1 in Throwing
  1084 | D:1      | Reached skill level 1 in Armour
  1084 | D:1      | Reached skill level 1 in Shields
  1084 | D:1      | Reached skill level 1 in Unarmed Combat
  1084 | D:1      | Reached skill level 1 in Evocations
  1239 | D:2      | Reached XP level 4. HP: 30/32 MP: 4/11
  1506 | D:2      | Reached skill level 1 in Hexes
  1506 | D:2      | Reached skill level 1 in Summonings
  1506 | D:2      | Reached skill level 1 in Necromancy
  1506 | D:2      | Reached skill level 1 in Translocations
  1506 | D:2      | Reached skill level 1 in Transmutations
  1506 | D:2      | Reached skill level 1 in Ice Magic
  1506 | D:2      | Reached skill level 1 in Air Magic
  1506 | D:2      | Reached skill level 1 in Earth Magic
  1506 | D:2      | Reached skill level 1 in Poison Magic
  1684 | D:2      | Reached ** piety under Fedhas
  2011 | D:2      | Reached XP level 5. HP: 37/37 MP: 9/12
  2441 | D:3      | Found a transporter.
  2459 | D:3      | Found a transporter.
  2996 | D:3      | Slain by a gnoll

Illustrated notes

Levels and vault maps discovered:
D:1:      dpeg_arrival_orchard, layout_rooms,
          hellmonk_ecumenical_altar_heavens_door
D:2:      layout_basic, columned_hall_lemuel
D:3:      gammafunk_steamed_eel, layout_basic

Skill      XL: |  1  2  3  4 |
---------------+-------------+-----
Conjurations   | 2 |  2.4
Spellcasting   | 5 |  5.2
Invocations    | 1 |  1.8
Fighting       | 1 |  1.6
Short Blades   | 1 |  1.6
Long Blades    | 1 |  1.6
Axes           | 1 |  1.6
Maces & Flails | 1 |  1.6
Polearms       | 1 |  1.6
Staves         | 1 |  1.6
Ranged Weapons | 1 |  1.6
Throwing       | 1 |  1.6
Armour         | 1 |  1.6
Shields        | 1 |  1.6
Unarmed Combat | 1 |  1.6
Evocations     | 1 |  1.6
Hexes          | 1 |  1.2
Summonings     | 1 |  1.2
Necromancy     | 1 |  1.2
Translocations | 1 |  1.2
Transmutations | 1 |  1.2
Ice Magic      | 1 |  1.2
Air Magic      | 1 |  1.2
Earth Magic    | 1 |  1.2
Poison Magic   | 1 |  1.2
Dodging        | |  4.8
Stealth        | |  4.4
Fire Magic     | |  5.5

Action                   |  1- 3 |  4- 6 || total
-------------------------+-------+-------++-------
Melee: Hand axe          |     3 |     2 ||     5
 Fire: Sling             |       |    13 ||    13
 Cast: Foxfire           |    36 |    26 ||    62
       Scorch            |    12 |    30 ||    42
Invok: Wall of Briars    |       |     1 ||     1
  Use: Scroll            |       |     3 ||     3
       Potion            |       |     1 ||     1
Armor: Robe              |     6 |     2 ||     8
       Leather armour    |       |     7 ||     7
Dodge: Dodged            |    18 |    26 ||    44
